 Dungeon Crawl Stone Soup version 0.28-a0-1510-gd0f6b136d3 (webtiles) character file.

Game seed: 14111797966497030550

101177 frimble the Carver (level 15, 0/120 HPs)
             Began as a Demonspawn Warper on Jan 15, 2022.
             Was the Champion of Cheibriados.
             Slain by a white ugly thing (17 damage)
             ... on level 14 of the Dungeon on Jan 16, 2022.
             The game lasted 00:42:24 (24048 turns).

frimble the Carver (Demonspawn Warper)             Turns: 24048, Time: 00:42:24

Health: 0/120      AC: 15    Str: 27    XL:     15   Next: 82%
Magic:  10/22      EV: 22    Int: 40    God:    Cheibriados [******]
Gold:   1510       SH: 20    Dex: 28    Spells: 16/18 levels left

rFire   . . .      SeeInvis .   b - +3 scimitar (flame)
rCold   + . .      Faith    .   O - +2 buckler
rNeg    + . .      Spirit   .   H - +4 troll leather armour
rPois   .          Reflect  +   M - +1 hat {Will+}
rElec   .          Harm     .   F - +0 cloak
rCorr   +          Rampage  .   o - +1 pair of gloves of Light {rN+ Will+ rCorr Int+4}
Will    +++..                   (no boots)
Stlth   +++.......              q - amulet of reflection
HPRegen 1.10/turn               y - +4 ring of evasion
MPRegen 0.18/turn               z - ring of wizardry

@: agile, frozen, studying Unarmed Combat, very slow
A: antennae 1, powered by pain 3, sharp scales 3, condensation shield, cold
resistance 1, no potion heal 1
a: Renounce Religion, Bend Time, Temporal Distortion, Slouch, Step From Time


You were on level 14 of the Dungeon.
You worshipped Cheibriados.
Cheibriados was exalted by your worship.
You visited 2 branches of the dungeon, and saw 20 of its levels.
You also visited: Sewer.

You collected 1549 gold pieces.
You spent 39 gold pieces at shops.

Inventory:

Hand Weapons
 a - a +1 spectral short sword
 b - a +3 scimitar of flaming (weapon)
 Y - a +3 double sword
Missiles
 e - 19 poisoned darts
 n - 5 boomerangs of dispersal
 p - a boomerang (quivered)
 x - 5 throwing nets
 A - 21 javelins
Armour
 o - the +1 pair of gloves of Light (worn) {rN+ Will+ rCorr Int+4}
   (You acquired it on level 6 of the Lair of Beasts)

   Int:       It affects your intelligence (+4).
   rN:        It protects you from negative energy.
   rCorr:     It protects you from acid and corrosion.
   Will:      It increases your willpower.
 B - +0 ice dragon scales
 F - a +0 cloak (worn)
 H - a +4 troll leather armour (worn)
 I - a +0 kite shield
 M - a +1 hat of willpower (worn)
 O - a +2 buckler (worn)
Jewellery
 d - a ring of protection from fire
 h - a ring of positive energy
 m - a ring of positive energy
 q - an amulet of reflection (around neck)
 y - a +4 ring of evasion (left hand)
 z - a ring of wizardry (right hand)
 J - an amulet of magic regeneration
 R - a ring of fire
 V - a ring of protection from cold
 W - a ring of positive energy
 X - a ring of positive energy
Wands
 i - a wand of iceblast (22)
 j - a wand of flame (60)
 E - a wand of digging (7)
 Q - a wand of polymorph (13)
 S - a wand of mindburst (6)
 T - a wand of acid (4)
Scrolls
 g - 11 scrolls of identify
 r - 8 scrolls of fog
 s - 2 scrolls of silence
 v - 3 scrolls of amnesia
 w - 11 scrolls of teleportation
 D - a scroll of immolation
 K - 5 scrolls of blinking
 U - 8 scrolls of magic mapping
 Z - a scroll of fear
Potions
 c - 2 potions of brilliance
 f - 5 potions of mutation
 k - 2 potions of cancellation
 l - 2 potions of haste
 t - 9 potions of flight
 u - 4 potions of curing
 C - 2 potions of heal wounds
 L - 3 potions of invisibility
 N - a potion of might {unknown}
 P - 2 potions of magic
Miscellaneous
 G - a box of beasts (inert)


   Skills:
 - Level 12.0 Fighting
 - Level 11.5(13.7) Short Blades
 + Level 12.1(14.0) Long Blades
 - Level 6.0 Throwing
 - Level 0.8 Armour
 - Level 2.5 Dodging
 - Level 5.0 Stealth
 + Level 10.6 Shields
 - Level 2.0 Spellcasting
 - Level 7.0 Translocations
 - Level 10.0 Invocations
 - Level 5.3 Evocations


You had 16 spell levels left.
You knew the following spells:

 Your Spells              Type           Power      Damage    Failure   Level
a - Blink                 Tloc           100%       N/A       1%          2

Your spell library contained the following spells:

 Spells                   Type           Power      Damage    Failure   Level
 Gell's Gravitas          Tloc           56%        N/A       1%          3
 Lesser Beckoning         Tloc           56%        N/A       1%          3
 Portal Projectile        Hex/Tloc       64%        N/A       1%          3
 Teleport Other           Tloc           56%        N/A       1%          3
 Shock                    Conj/Air       16%        1d4       2%          1
 Scorch                   Fire           8%         2d5       3%          2
 Sublimation of Blood     Necr           4%         N/A       3%          2
 Manifold Assault         Tloc           56%        N/A       3%          5
 Iskenderun's Mystic Bla  Conj/Tloc      32%        2d8       5%          4
 Call Canine Familiar     Summ           4%         N/A       6%          3
 Dazzling Flash           Conj/Hex       8%         N/A       6%          3
 Inner Flame              Hex/Fire       4%         N/A       6%          3
 Swiftness                Air            4%         N/A       6%          3
 Airstrike                Air            2%         N/A       21%         4
 Cause Fear               Hex            2%         N/A       21%         4
 Flame Wave               Conj/Fire      4%         2d4       21%         4
 Hailstorm                Conj/Ice       4%         3d4       21%         4
 Ice Form                 Ice/Tmut       4%         N/A       21%         4
 Leda's Liquefaction      Hex/Erth       2%         N/A       21%         4
 Petrify                  Tmut/Erth      4%         N/A       21%         4
 Fireball                 Conj/Fire      2%         3d4       50%         5
 Irradiate                Conj/Tmut      2%         3d14      50%         5
 Iskenderun's Battlesphe  Conj           4%         2d6       50%         5
 Conjure Ball Lightning   Conj/Air       2%         3x3d6     96%         6
 Simulacrum               Ice/Necr       2%         N/A       96%         6
 Starburst                Conj/Fire      2%         6d3       96%         6
 Summon Cactus Giant      Summ           2%         N/A       96%         6
 Orb of Destruction       Conj           2%         9d5       100%        7
 Discord                  Hex            2%         N/A       100%        8


Dungeon Overview and Level Annotations

Branches:
Dungeon (14/15)            Temple (0/1) D:4            Lair (6/6) D:11
 Shoals (0/4) Lair:4        Snake (0/4) Lair:4        Slime (0/5) Lair:5
    Orc (0/2) D:9          Vaults (0/5) D:14          Sewer (visited)

Altars:
Ashenzari
Cheibriados
Dithmenos
Elyvilon
Fedhas
Gozag
Kikubaaqudgha
Nemelex Xobeh
Okawaru
Sif Muna
Uskayaw
Wu Jian
Yredelemnul

Shops:
D:3 ?[=   D:6 **   D:13 *


Innate Abilities, Weirdness & Mutations

You have a pair of small antennae on your head.
You are powered by pain.
You are completely covered in razor-sharp scales. (AC +3, Slay +3)
A meltable shield of frost defends you. (SH +4)
Your flesh is cold resistant. (rC+)
Potions are less effective at restoring your health.


Message History

The rime drake hisses angrily.
You slash the death yak! You burn the death yak.
The death yak is severely wounded.
The death yak closely misses you. The minotaur simulacrum misses you.
You block the minotaur simulacrum's attack.
You barely miss the death yak.
The death yak is severely wounded.
The death yak closely misses you.
You barely miss the death yak.
The death yak is severely wounded.
The rime drake breathes ice at you. The flash freeze hits you!
You partially resist.
You are encased in ice.
You block the minotaur simulacrum's attack. x2
You closely miss the white ugly thing.
The white ugly thing is moderately wounded.
You block the death yak's attack.
A freezing wraith comes into view.
The white ugly thing is engulfed in freezing vapours.
You block the white ugly thing's attack.
You block the minotaur simulacrum's attack.
The minotaur simulacrum completely misses you.
Casting: Blink (safe; 1% risk of failure)
Confirm with . or Enter, or press ? or * to list all spells.
You blink.
A freezing wraith comes into view.
You block the death yak's attack.
You block the golden dragon simulacrum's attack.
The golden dragon simulacrum claws you.
The golden dragon simulacrum freezes you!!
You resist.
* * * LOW HITPOINT WARNING * * *
You focus on the pain.
You feel agile all of a sudden.
The golden dragon simulacrum tramples you but does no damage.
The white ugly thing is engulfed in freezing vapours.
The white ugly thing stings you.
* * * LOW HITPOINT WARNING * * *
The white ugly thing freezes you! You resist.
You die...

.#.........#
.#....#....#≈≈≈....#
......#...##≈≈W≈..8#
).....#)..#.≈≈W≈..$#
....?.......≈≈≈...(#
......).....≈≈≈k..)#
............≈≈≈..∩}#
............≈≈≈...[#
.......>....≈≈≈.@Y$#
...?.......#≈≈≈.Zu§#
...........#≈≈≈≈.Z8#
...........)≈≈≈....#
.##.........≈≈≈....#
.#.......#...≈≈≈...#
#.).....##..≈≈≈...#
#.......####≈≈≈...#
###.....# ##≈≈≈≈.#


You could see a death yak, a white ugly thing, 2 freezing wraiths, a rime drake,
a golden dragon simulacrum and a minotaur simulacrum.

Vanquished Creatures
  Rupert (Lair:6)
  Gastronok (Lair:2)
  An ironbound preserver (D:14)
  A reaper (D:14)
  A fire dragon (Lair:6)
  Josephine (D:13)
  7 hydras
  A caustic shrike simulacrum (D:14)
  An ice dragon (D:11)
  2 boulder beetles
  5 two-headed ogres
  3 death knights
  Urug (Lair:6)
  4 skeletal warriors
  A swamp dragon (Lair:6)
  A spriggan simulacrum (D:14)
  2 deep elf pyromancers (D:13)
  Pikel (D:6)
  3 cyclopes
  3 manticores
  7 ugly things
  10 elephants (Lair:6)
  4 black mambas (Lair:6)
  Maurice (D:8)
  A gargoyle (D:13)
  An unseen horror (D:11)
  13 cane toads
  A yaktaur (shapeshifter) (D:14)
  An efreet (D:14)
  A yaktaur (D:11)
  2 kobold demonologists (D:11)
  5 rime drakes
  9 komodo dragons
  An anaconda simulacrum (D:14)
  3 freezing wraiths
  2 tengu conjurers (D:14)
  4 trolls
  10 polar bears (Lair:6)
  12 slime creatures
  14 blink frogs
  5 raiju (Lair:6)
  Grinder (D:3)
  5 dream sheep (Lair:6)
  A snapping turtle (Lair:4)
  Sigmund (D:2)
  3 vampires
  54 yaks
  A human (shapeshifter) (D:14)
  4 steam dragons
  7 basilisks
  A fire elemental (D:12)
  8 wraiths
  5 wyverns
  4 vampire mosquitoes
  2 fire bats (Lair:4)
  Grum (D:8)
  Menkaure (D:7)
  A harpy simulacrum (D:14)
  Edmund (D:5)
  7 wargs
  An acid dragon (shapeshifter) (D:14)
  16 water moccasins
  3 acid dragons
  12 hell hounds (Lair:6)
  An ice beast (D:3)
  3 orc warriors
  4 ogres
  18 black bears
  44 wolves
  A lemure (D:6)
  6 centaurs
  A phantom (D:4)
  A kobold brigand (D:10)
  14 bullfrogs
  A bullfrog (shapeshifter) (D:13)
  4 scorpions
  A water moccasin skeleton (D:6)
  4 killer bees (D:8)
  4 wights (D:3)
  5 vampire bats (Lair:6)
  7 jellies
  2 electric eels
  4 howler monkeys
  6 centaur zombies
  5 orc priests
  4 hounds
  A centaur skeleton (D:6)
  Jessica (D:2)
  9 hell rats
  Ijyb (D:3)
  14 orc wizards
  5 iguanas
  A hound zombie (D:5)
  5 gnolls
  15 adders
  3 river rats (Sewer)
  2 white imps
  An ufetubus (D:5)
  2 adder skeletons (D:4)
  3 dart slugs
  27 orcs
  14 endoplasms
  11 giant cockroaches
  6 goblins
  8 hobgoblins
  3 jackals (Sewer)
  3 quokkas
  14 ball pythons
  16 bats
  5 frilled lizards
  15 kobolds
  3 rats
  A fire vortex (D:12)
  A plant (Lair:6)
618 creatures vanquished.

Vanquished Creatures (others)
  An iguana (Lair:6)
  16 bushes (Lair:6)
  25 fungi
  59 plants
101 creatures vanquished.

Grand Total: 719 creatures vanquished

Notes
Turn   | Place    | Note
-------+----------+-------------------------------------------
     0 | D:1      | frimble the Demonspawn Warper began the quest for the Orb.
     0 | D:1      | Reached XP level 1. HP: 16/16 MP: 3/3
    92 | D:1      | Reached skill level 1 in Throwing
   628 | D:1      | Gained mutation: You have a pair of small antennae on your
                  | head. [demonic ancestry]
   628 | D:1      | Reached XP level 2. HP: 22/22 MP: 5/5
   631 | D:1      | Learned a level 2 spell: Blink
  1082 | D:1      | Found a faded altar of an unknown god.
  1449 | D:2      | Reached skill level 1 in Stealth
  1686 | D:2      | Gained mutation: You are partially covered in razor-sharp
                  | scales. (AC +1, Slay +1) [demonic ancestry]
  1686 | D:2      | Reached XP level 3. HP: 27/27 MP: 6/6
  2002 | D:2      | Noticed Jessica
  2038 | D:2      | Killed Jessica
  2039 | D:2      | Reached XP level 4. HP: 18/33 MP: 5/7
  2198 | D:2      | You fall into a shaft and drop 2 floors!
  2198 | D:4      | Noticed a phantom
  2226 | D:3      | Found Veradeurici's Jewellery Emporium.
  2463 | D:2      | Noticed Sigmund
  2876 | D:3      | Found Fuyptapp's Magic Scroll Shop.
  2886 | D:3      | Bought a scroll of teleportation for 39 gold pieces
  2890 | D:3      | Found Bauxabul's Antique Armour Boutique.
  2915 | D:3      | Noticed Ijyb
  2941 | D:3      | Killed Ijyb
  2942 | D:3      | Gained mutation: You are mostly covered in razor-sharp
                  | scales. (AC +2, Slay +2) [demonic ancestry]
  2942 | D:3      | Reached XP level 5. HP: 19/38 MP: 8/8
  3139 | D:3      | Found a shadowy altar of Dithmenos.
  3482 | D:3      | Reached skill level 1 in Evocations
  3482 | D:3      | Reached XP level 6. HP: 44/44 MP: 9/9
  3520 | D:3      | Noticed Grinder
  3785 | D:2      | Killed Sigmund
  3786 | D:2      | Reached skill level 1 in Long Blades
  3792 | D:2      | Identified the +0 scale mail of Activism {Will+}
  4108 | D:4      | Found an ancient bone altar of Kikubaaqudgha.
  4130 | D:4      | Gained mutation: You sometimes gain a little power by
                  | taking damage. [demonic ancestry]
  4130 | D:4      | Reached XP level 7. HP: 46/50 MP: 10/10
  4512 | D:4      | Gained mutation: Potions are less effective at restoring
                  | your health. [potion of mutation]
  4512 | D:4      | Gained mutation: Your flesh is cold resistant. (rC+)
                  | [potion of mutation]
  5083 | D:4      | Found an ancient bone altar of Kikubaaqudgha.
  5118 | D:4      | Found a staircase to the Ecumenical Temple.
  5166 | D:4      | Found a sparkling altar of Nemelex Xobeh.
  5361 | D:4      | Found a shimmering blue altar of Sif Muna.
  5449 | D:5      | Entered Level 5 of the Dungeon
  5489 | D:5      | Reached XP level 8. HP: 49/56 MP: 11/11
  5512 | D:5      | Found a glowing drain.
  5545 | Sewer    | Entered a sewer
  6168 | D:5      | Noticed Edmund
  6204 | D:5      | Killed Edmund
  6548 | D:5      | Found a snail-covered altar of Cheibriados.
  6559 | D:5      | Became a worshipper of Cheibriados the Contemplative
  6574 | D:5      | Reached skill level 5 in Translocations
  7710 | D:3      | Paralysed by Grinder for 5 turns
  7719 | D:3      | Killed Grinder
  7720 | D:3      | Reached skill level 5 in Stealth
  8059 | D:3      | Reached skill level 5 in Throwing
  8059 | D:3      | Reached XP level 9. HP: 40/61 MP: 12/12
  8498 | D:6      | Found a hide-covered altar of Uskayaw.
  8607 | D:6      | Reached skill level 5 in Evocations
  8639 | D:6      | Found Wuusacw's General Store.
  8787 | D:6      | Found a blossoming altar of Fedhas.
  8907 | D:6      | Found an ornate altar of the Wu Jian Council.
  8968 | D:6      | Reached * piety under Cheibriados
  9187 | D:6      | Reached skill level 1 in Invocations
  9382 | D:6      | Noticed Pikel
  9404 | D:6      | Killed Pikel
  9543 | D:6      | Found Goettoosiu's CLEARANCE SALE!.
  9728 | D:7      | Found an opulent altar of Gozag.
 10300 | D:7      | Reached skill level 5 in Short Blades
 10300 | D:7      | Reached skill level 5 in Invocations
 10312 | D:7      | Gained mutation: A meltable shield of frost defends you.
                  | (SH +4) [demonic ancestry]
 10312 | D:7      | Reached XP level 10. HP: 5/67 MP: 10/14
 10644 | D:7      | Reached ** piety under Cheibriados
 10719 | D:7      | Noticed Menkaure
 10725 | D:7      | Killed Menkaure
 11555 | D:8      | Noticed Maurice
 11572 | D:8      | Killed Maurice
 11721 | D:8      | Noticed Grum
 11738 | D:8      | Killed Grum
 12368 | D:9      | Found a staircase to the Orcish Mines.
 12553 | D:9      | Reached *** piety under Cheibriados
 12554 | D:9      | Reached skill level 5 in Fighting
 13005 | D:9      | Noticed a manticore
 13015 | D:9      | Killed a manticore
 13081 | D:9      | Identified a scroll of acquirement
 13081 | D:9      | Acquired a manual of Unarmed Combat
 13098 | D:10     | Entered Level 10 of the Dungeon
 13128 | D:10     | Was placed under penance by Cheibriados
 13132 | D:10     | Noticed a two-headed ogre
 13387 | D:10     | Gained mutation: You sometimes gain power by taking damage.
                  | [demonic ancestry]
 13387 | D:10     | Reached XP level 11. HP: 82/82 MP: 16/16
 13483 | D:10     | Killed a two-headed ogre
 13483 | D:10     | Was forgiven by Cheibriados
 13753 | D:10     | Found an iron altar of Okawaru.
 13909 | D:10     | Found a basalt altar of Yredelemnul.
 13909 | D:10     | Found a broken altar of Ashenzari.
 14290 | D:11     | Noticed a two-headed ogre
 14301 | D:11     | Killed a two-headed ogre
 14393 | D:11     | Found a staircase to the Lair.
 14525 | D:11     | Noticed an ice dragon
 15048 | Lair:1   | Entered Level 1 of the Lair of Beasts
 15069 | Lair:1   | Reached **** piety under Cheibriados
 15245 | Lair:1   | Noticed a five-headed hydra
 15267 | Lair:1   | Killed a five-headed hydra
 15270 | Lair:1   | Reached skill level 10 in Short Blades
 15390 | Lair:1   | Gained mutation: You are powered by pain. [demonic
                  | ancestry]
 15390 | Lair:1   | Reached XP level 12. HP: 73/96 MP: 17/17
 15496 | Lair:1   | Noticed a seven-headed hydra
 15503 | Lair:1   | Killed a seven-headed hydra
 15606 | Lair:1   | Reached skill level 10 in Fighting
 16307 | Lair:2   | Reached skill level 1 in Shields
 16335 | Lair:2   | Noticed Gastronok
 16356 | Lair:2   | Killed Gastronok
 16498 | Lair:2   | Noticed a boulder beetle
 16535 | Lair:2   | Killed a boulder beetle
 17319 | Lair:3   | Reached ***** piety under Cheibriados
 17449 | Lair:3   | Found a shadowy altar of Dithmenos.
 17673 | Lair:4   | Found a staircase to the Snake Pit.
 17844 | Lair:4   | Found a staircase to the Shoals.
 17900 | Lair:4   | Noticed a boulder beetle
 17926 | Lair:4   | Killed a boulder beetle
 17942 | Lair:4   | Reached XP level 13. HP: 82/106 MP: 14/18
 18661 | Lair:5   | You fall into a shaft and drop 1 floor!
 18661 | Lair:6   | Entered Level 6 of the Lair of Beasts
 18661 | Lair:6   | Noticed Urug
 18666 | Lair:6   | Reached skill level 5 in Shields
 18687 | Lair:6   | Killed Urug
 18960 | Lair:5   | Found a staircase to the Slime Pits.
 19136 | Lair:5   | Reached skill level 5 in Long Blades
 19470 | Lair:5   | Reached XP level 14. HP: 114/114 MP: 20/20
 19520 | Lair:6   | Reached ****** piety under Cheibriados
 19799 | Lair:6   | Acquired the +1 pair of gloves of Light {rN+ Will+ rCorr
                  | Int+4}
 20274 | Lair:6   | Reached skill level 10 in Invocations
 20558 | Lair:6   | Gained mutation: You are completely covered in razor-sharp
                  | scales. (AC +3, Slay +3) [demonic ancestry]
 20558 | Lair:6   | Reached XP level 15. HP: 76/120 MP: 22/22
 20755 | Lair:6   | Noticed Rupert
 20794 | Lair:6   | Killed Rupert
 20795 | Lair:6   | Reached skill level 10 in Long Blades
 22156 | D:12     | Found a broken altar of Ashenzari.
 22619 | D:13     | Found Ihus Piv's Specific Store.
 22619 | D:13     | Found Jitoz's General Store.
 22801 | D:13     | Noticed Josephine
 22827 | D:13     | Killed Josephine
 23408 | D:14     | Found a gate to the Vaults.
 23568 | D:14     | Reached skill level 10 in Shields
 24048 | D:14     | Slain by a white ugly thing

Illustrated notes

Levels and vault maps discovered:
D:1:      minmay_arrival_loop, layout_basic, chequers_ecumenical_altar_simple
D:2:      layout_basic, uniq_jessica, uniq_sigmund
D:3:      layout_loops_ring, general_overflow_altar, serial_shops, shop,
          nicolae_shop_overgrown_old_shop, nicolae_shop_waterfront,
          uniq_grinder, uniq_ijyb
D:4:      layout_rooms, marbit_many_paths, nemelex_spade_bored_becter,
          nicolae_kikubaaqudgha_miasma_corner, temple_green,
          minmay_ruined_shrine
D:5:      layout_basic, mainiacjoe_overflow_small_starburst,
          gup_sewer_entry_glass, corexii_corridor_pit,
          minmay_increasing_density, uniq_edmund
D:6:      layout_gridville, mainiacjoe_overflow_paths,
          mainiacjoe_overflow_tiny_flanked, fedhas_bush_and_centaur_altar,
          serial_shops, shop, eino_small_chamber_without_monster,
          nicolae_shop_clearance, uniq_pikel
D:7:      layout_basic, mainiacjoe_overflow_surrounded_room, uniq_menkaure
D:8:      layout_gridville, chequers_serial_rivers_small_b, uniq_grum,
          uniq_maurice
D:9:      layout_basic, david_orc_3
D:10:     layout_cave_pools, okawaru_altar_gauntlet_db,
          gammafunk_temple_overflow_claw
D:11:     layout_roguey, erik_lair_orcish_takeover, minmay_misc_feat_iff,
          minmay_three_doors
D:12:     layout_long_grid, kennysheep_cluttered_room, minmay_strange_pillars,
          nicolae_ashenzari_skybound
D:13:     layout_rooms, nicolae_specific_store, st_stairs_6,
          hangedman_decor_push, uniq_josephine
D:14:     dreamdust_isle_of_ice, layout_cross, skrybe_vaults_entry_preservation,
          grunt_decor_fettered
Lair:1:   layout_gridlike, serial_forest, infiniplex_forest_split,
          infiniplex_forest_end_3, infiniplex_forest_straight_3,
          infiniplex_forest_clump_double, infiniplex_forest_lined_ring,
          infiniplex_forest_lined_room_, serial_bayou_shore_a
Lair:2:   layout_cave_pods, st_stairs_6, uniq_gastronok
Lair:3:   layout_cave_shapes, basic_altar
Lair:4:   layout_gridlike, minmay_shoals_entry_hut, dummy_snake_entry,
          serial_rivers, chequers_serial_rivers_micro_c,
          chequers_serial_rivers_small_3, chequers_serial_rivers_micro_d,
          chequers_serial_rivers_micro_e, chequers_serial_rivers_micro_a
Lair:5:   layout_loops_ring, nicolae_slime_entry_slimehenge,
          gammafunk_lair_bear_cave, serial_bayou_shore_b, grunt_megastairs_2
Lair:6:   guppyfry_lair_end_dragon, layout_small_grid,
          hangedman_lair_caniforms_friends, minmay_hedge_maze, roderic_batcave,
          uniq_urug, uniq_rupert

Skill      XL: |  1  2  3  4  5  6  7  8  9 10 11 12 13 14 15 |
---------------+----------------------------------------------+-----
Throwing       | 1 2 3 5 6 |  6.0
Short Blades   | 2 3 5 7 10 11 | 11.5
Dodging        | 2 |  2.5
Stealth        | 1 2 3 4 5 |  5.0
Translocations | 3 4 5 6 7 |  7.0
Evocations     | 1 2 3 4 5 |  5.3
Long Blades    | 1 2 4 8 9 12 | 12.1
Invocations    | 6 7 8 10 | 10.0
Fighting       | 6 9 11 12 | 12.0
Shields        | 4 5 7 10 | 10.6
Armour         | |  0.8
Spellcasting   | |  2.0

Action                   |  1- 3 |  4- 6 |  7- 9 | 10-12 | 13-15 || total
-------------------------+-------+-------+-------+-------+-------++-------
Melee: Short sword       |   125 |   120 |   181 |   654 |   874 ||  1954
       Punch             |     3 |     1 |     9 |    13 |       ||    26
       Falchion          |       |       |   222 |       |       ||   222
       Double sword      |       |       |       |       |   156 ||   156
       Scimitar          |       |       |       |       |    76 ||    76
Throw: Dart              |    16 |    15 |    27 |       |       ||    58
       Boomerang         |     3 |     2 |    18 |    68 |    96 ||   187
 Cast: Blink             |     1 |       |     7 |     8 |    48 ||    64
Invok: Temporal Distorti |       |       |       |     3 |       ||     3
       Slouch            |       |       |       |     1 |     8 ||     9
Evoke: Wand              |       |     1 |     1 |       |     4 ||     6
       Box of beasts     |       |       |       |     2 |     2 ||     4
  Use: Scroll            |     1 |     6 |    11 |     7 |    10 ||    35
       Potion            |       |       |     5 |     2 |     4 ||    11
 Stab: Sleeping          |       |     1 |     4 |    14 |     8 ||    27
       Distracted        |       |       |     1 |    24 |    32 ||    57
Armor: Leather armour    |    58 |    35 |   134 |    41 |       ||   268
       Troll leather arm |       |       |       |    76 |   164 ||   240
Dodge: Dodged            |    84 |    55 |   241 |   328 |   396 ||  1104
Block: Other             |       |       |    55 |   195 |       ||   250
       Reflection        |       |       |     1 |     5 |     2 ||     8
       Buckler           |       |       |       |    31 |   839 ||   870

Table legend: (Time is in decaauts)
 A = Elapsed time spent in this place.
 B = Non-inter-level travel time spent in this place.
 C = Inter-level travel time spent in this place.
 D = Time resting spent in this place.
 E = Time spent auto-exploring this place.
 F = Levels seen in this place.
 G = Mean time per level.
                   A        B        C        D        E       F      G
               +--------+--------+--------+--------+--------+-----+--------+
         Total |  30823 |  28990 |   1833 |    800 |  22937 |  21 | 1467.8 |
       Dungeon |  20395 |  19146 |   1249 |    798 |  15057 |  14 | 1456.8 |
          Lair |   9715 |   9131 |    584 |      2 |   7458 |   6 | 1619.2 |
         Sewer |    713 |    713 |      0 |      0 |    421 |   1 |  713.0 |
               +--------+--------+--------+--------+--------+-----+--------+

Top non-repeatable levels by time:
  Lair:6: 2605 daAuts
     D:3: 2032 daAuts
     D:5: 1820 daAuts
  Lair:1: 1733 daAuts
     D:8: 1715 daAuts
    D:11: 1629 daAuts
     D:7: 1625 daAuts
  Lair:5: 1600 daAuts
  Lair:2: 1548 daAuts
    D:12: 1522 daAuts
     D:6: 1438 daAuts
     D:4: 1437 daAuts
     D:2: 1436 daAuts
  Lair:4: 1419 daAuts
     D:1: 1414 daAuts
